Map: New Repugnancy LE

Players

Camptothecin - Winner!

  • Race: Zerg Zerg
  • League: Master
  • Spawn Location: 7:00

Mez

  • Race: Terran Terran
  • League: Master
  • Spawn Location: 1:00

VOD

Have the link to the VOD?

Description

Time

  • Played on: Aug. 12, 2019, 7:52 a.m.
  • Length: 2:41
Show
View Real Time Build Order
Export as new Build Order

Camptothecin Zerg - Winner!

Build Orders: Pool First 

Get SALT Encoding   

  12  0:01  Drone  
  13  0:12  Overlord  
  13  0:17  Drone  
  14  0:31  Drone x2  
  17  0:35  Drone  
  17  0:46  Spawning Pool  
  16  1:08  Hatchery  
  15  1:13  Drone  
  16  1:32  Queen  
  16  1:33  Zergling x2  
  16  1:34  Zergling x4  
  21  1:45  Overlord  
  21  1:58  Drone  
  22  2:13  Drone  
  25  2:17  Overlord  
  25  2:28  Drone x2  
Show
View Real Time Build Order
Export as new Build Order

Mez Terran 

Build Orders: Reaper Expand 

Get SALT Encoding   

  12  0:01  SCV  
  13  0:13  SCV  
  14  0:18  Supply Depot  
  14  0:25  SCV  
  15  0:40  SCV, Barracks  
  16  0:45  Refinery  
  16  0:52  SCV  
  17  1:04  SCV  
  18  1:16  SCV  
  19  1:28  Reaper  
  19  1:29  Orbital Command  
  20  1:43  Command Center  
  20  1:52  Supply Depot  
  20  1:55  SCV  
  21  2:01  Marine  
  21  2:08  SCV  
  23  2:19  Factory  
  23  2:20  SCV  
  23  2:22  Refinery  
  24  2:25  Barracks Reactor  
Tags
 
Add a new tag
Caveats
  • Supply blocks, unpowered buildings, or Contaminate may cause inaccurate times.
  • Supply counts are checked every 10 seconds.